 Dungeon Crawl Stone Soup version 0.28-a0-991-g956f0ee3d5 (webtiles) character file.

Game seed: 11780523037719773312

30044 Decritt the Severer (level 13, -6/123 HPs)
             Began as a Minotaur Fighter on Dec 5, 2021.
             Was a High Priest of the Shining One.
             Mangled by a 14-headed hydra (10 damage)
             ... on level 3 of the Lair of Beasts.
             The game lasted 00:38:40 (13819 turns).

Decritt the Severer (Minotaur Fighter)             Turns: 13819, Time: 00:38:40

Health: -6/123     AC: 23    Str: 31    XL:     13   Next: 18%
Magic:  16/16      EV: 13    Int:  7    God:    the Shining One [*****.]
Gold:   1901       SH: 12    Dex: 12    Spells: 12/12 levels left

rFire   . . .      SeeInvis +   k - +3 broad axe
rCold   + . .      Faith    .   v - +1 kite shield
rNeg    + + +      Spirit   .   a - +3 plate armour {rC+}
rPois   .          Reflect  .   (helmet restricted)
rElec   .          Harm     .   t - scarf {repulsion}
rCorr   .          Rampage  .   L - +2 pair of gloves {Str+3}
Will    .....                   c - +0 pair of boots "Butiuwk" {Int+2}
Stlth   ..........              l - amulet of regeneration
HPRegen 1.10/turn               y - +4 ring of evasion
MPRegen 0.15/turn               G - ring "Mismem" {Drain rN+ Str+4 SInv}

@: mighty, glowing, studying Polearms, repel missiles
A: horns 2, retaliatory headbutt
a: Renounce Religion, Divine Shield, Cleansing Flame, Summon Divine Warrior


You were on level 3 of the Lair of Beasts.
You worshipped the Shining One.
The Shining One was extremely pleased with you.
You visited 3 branches of the dungeon, and saw 16 of its levels.
You also visited: Gauntlet and Ice Cave.

You collected 1901 gold pieces.

Inventory:

Hand Weapons
 k - a +3 broad axe (weapon)
Missiles
 b - 10 javelins
 s - 6 boomerangs
 J - 2 silver javelins
Armour
 a - a +3 plate armour of cold resistance (worn)
 c - the +0 pair of boots "Butiuwk" (worn) {Int+2}
   (You found it on level 9 of the Dungeon)

   Int:       It affects your intelligence (+2).
 t - a scarf of repulsion (worn)
 v - a +1 kite shield (worn)
 C - a +1 chain mail of poison resistance
 L - a +2 pair of gloves of strength (worn)
Jewellery
 g - an amulet of guardian spirit
 l - an amulet of regeneration (around neck)
 n - a ring of poison resistance
 u - a ring of protection from fire
 y - a +4 ring of evasion (left hand)
 z - a +6 ring of dexterity
 B - a ring of resist corrosion
 G - the ring "Mismem" (right hand) {Drain rN+ Str+4 SInv}
   (You found it in a Gauntlet)

   [ring of positive energy]

   Str:       It affects your strength (+4).
   rN:        It protects you from negative energy.
   SInv:      It lets you see invisible.
   Drain:     It drains your maximum health when unequipped.
Wands
 d - a wand of iceblast (13)
 e - a wand of mindburst (6)
 D - a wand of polymorph (5)
 F - a wand of flame (14)
 K - a wand of digging (4)
Scrolls
 j - 3 scrolls of magic mapping
 r - a scroll of identify
 w - 2 scrolls of teleportation
 x - 3 scrolls of enchant armour
 A - a scroll of fog
Potions
 f - 2 potions of might
 h - a potion of cancellation
 i - a potion of flight
 m - 3 potions of haste
 o - 2 potions of attraction
 p - 3 potions of heal wounds
 q - 6 potions of curing
 I - a potion of mutation


   Skills:
 + Level 13.8 Fighting
 * Level 15.1 Axes
 + Level 12.1 Armour
 + Level 4.7 Dodging
 + Level 11.6 Shields
 + Level 5.7 Invocations


You had 12 spell levels left.
You didn't know any spells.
Your spell library contained the following spells:

 Spells                   Type           Power      Damage    Failure   Level
 Slow                     Hex            0%         N/A       99%         1
 Summon Small Mammal      Summ           0%         N/A       99%         1
 Corpse Rot               Necr/Air       0%         N/A       100%        2
 Ensorcelled Hibernation  Hex/Ice        0%         N/A       100%        2
 Poisonous Vapours        Pois/Air       0%         N/A       100%        2
 Static Discharge         Conj/Air       0%         N/A       100%        2
 Call Canine Familiar     Summ           0%         N/A       100%        3
 Confusing Touch          Hex            0%         N/A       100%        3
 Summon Guardian Golem    Hex/Summ       0%         N/A       100%        3
 Tukima's Dance           Hex            0%         N/A       100%        3
 Vampiric Draining        Necr           0%         2d6       100%        3
 Animate Dead             Necr           0%         N/A       100%        4
 Dispel Undead            Necr           0%         3d6       100%        4
 Fulminant Prism          Conj/Hex       0%         3d6       100%        4
 Iskenderun's Mystic Bla  Conj/Tloc      0%         2d3       100%        4
 Lee's Rapid Deconstruct  Erth           0%         3d5*      100%        5
 Lightning Bolt           Conj/Air       0%         1d11      100%        5
 Death Channel            Necr           0%         N/A       100%        6
 Haunt                    Necr/Summ      0%         N/A       100%        7
 Infestation              Necr           0%         N/A       100%        8
 Maxwell's Capacitive Co  Air            0%         ∞         100%        8


Dungeon Overview and Level Annotations

Branches:
Dungeon (12/15)            Temple (1/1) D:7            Lair (3/6) D:10
 Spider (0/4) Lair:2          Orc (0/2) D:12          IceCv (visited)
Gauntlet (visited)
  Swamp: Lair:2-4    Shoals: Lair:2-4

Altars:
Ashenzari
Cheibriados
Dithmenos
Elyvilon
Fedhas
Gozag
Hepliaklqana
Kikubaaqudgha
Makhleb
Nemelex Xobeh
Okawaru
Qazlal
Ru
Sif Muna
Trog
Uskayaw
Vehumet
Wu Jian
Xom
Yredelemnul
Zin
The Shining One

Shops:
D:3 (


Innate Abilities, Weirdness & Mutations

You have a pair of horns on your head.
You reflexively headbutt those who attack you in melee.


Message History

The 13-headed hydra bites you!
* * * LOW HITPOINT WARNING * * *
You block the 13-headed hydra's attack. The 13-headed hydra barely misses you.
The 13-headed hydra bites you but does no damage. x2
The 13-headed hydra bites you!
* * * LOW HITPOINT WARNING * * *
You feel very mighty all of a sudden.
The 13-headed hydra bites you but does no damage.
The 13-headed hydra completely misses you.
The 13-headed hydra bites you.
* * * LOW HITPOINT WARNING * * *
The 13-headed hydra bites you but does no damage.
The 13-headed hydra bites you.
* * * LOW HITPOINT WARNING * * *
The 13-headed hydra bites you but does no damage.
The 13-headed hydra bites you.
* * * LOW HITPOINT WARNING * * *
The 13-headed hydra barely misses you.
The 13-headed hydra bites you but does no damage. x2
You block the 13-headed hydra's attack.
The 13-headed hydra bites you but does no damage.
The 13-headed hydra completely misses you.
You lop one of the 13-headed hydra's heads off!
The 12-headed hydra grows two more!
You slice the 14-headed hydra!!
The 14-headed hydra is heavily wounded.
The 14-headed hydra misses you. The 14-headed hydra closely misses you.
The 14-headed hydra bites you!
* * * LOW HITPOINT WARNING * * *
The 14-headed hydra bites you but does no damage.
You block the 14-headed hydra's attack.
The 14-headed hydra bites you but does no damage.
The 14-headed hydra barely misses you.
The 14-headed hydra bites you but does no damage.
You block the 14-headed hydra's attack. The 14-headed hydra closely misses you.
The 14-headed hydra bites you but does no damage.
The 14-headed hydra bites you.
* * * LOW HITPOINT WARNING * * *
The 14-headed hydra bites you but does no damage.
The 14-headed hydra bites you!
You die...

........... .........
... ......... ..##.
......♣. .#.. .
.....♣♣ ♣♣♣ ##..# .. .
♣♣♣♣.♣###..##....
♣♣.♣≈.[.##P..#....
♣♣†.≈≈.††#.........
♣.†@≈≈≈♣...........
♣.D≈≈≈≈♣♣..........
.#.
♣§♣≈≈≈≈♣#.....##...
.... §§§♣≈≈≈≈♣#....#.#
. .... .§§
♣≈≈≈≈♣.....### .P.
♣♣♣§..♣♣♣♣♣≈≈≈♣......#
.# #♣.♣♣♣♣
♣♣.♣♣♣♣♣......#. .#
#...♣♣
♣...♣............ .#
#....#
##.......#.......


You could see a 14-headed hydra.

Vanquished Creatures
  A minotaur (Gauntlet)
  Fannar (D:12)
  2 ice dragons
  A hydra (Lair:3)
  3 two-headed ogres
  3 death yaks (D:9)
  A hell hog (Gauntlet)
  Urug (D:12)
  A fire crab (Gauntlet)
  An orb spider (Lair:2)
  2 cyclopes
  A manticore (D:11)
  2 black mambas (Lair:3)
  Joseph (D:7)
  2 ice statues (IceCv)
  5 cane toads
  An unseen horror (D:7)
  Maggie (D:7)
  4 rime drakes
  An efreet (Gauntlet)
  2 komodo dragons
  A polar bear (D:11)
  A troll (D:9)
  4 blink frogs (Lair:3)
  3 hornets
  2 wyverns
  A vampire (D:11)
  A wraith (D:11)
  A shadow (D:11)
  3 fire elementals (Gauntlet)
  4 fire bats (Gauntlet)
  A basilisk (Lair:2)
  26 yaks
  7 vampire mosquitoes (D:12)
  Menkaure (D:7)
  4 swamp worms (Lair:3)
  5 water moccasins
  Duvessa (D:4)
  4 hell hounds (Gauntlet)
  5 orc warriors
  A black bear (D:8)
  2 ogres (D:5)
  7 wolves
  8 centaurs
  A kobold brigand (D:6)
  7 bullfrogs
  3 gnoll sergeants
  2 scorpions
  A wyvern skeleton (D:5)
  Dowan (D:4)
  5 killer bees (D:9)
  2 wights (D:9)
  8 howler monkeys
  A bullfrog zombie (D:5)
  2 centaur zombies (D:9)
  4 komodo dragon simulacra (IceCv)
  5 hounds
  4 orc priests
  3 bullfrog skeletons
  2 centaur skeletons
  2 gnoll shamans
  Terence (D:2)
  12 orc wizards
  5 iguanas
  A hound skeleton (D:4)
  4 howler monkey zombies
  A howler monkey skeleton (D:6)
  8 acid dragon simulacra (IceCv)
  2 adders (D:2)
  18 gnolls
  2 shadow imps
  A white imp (D:6)
  An ufetubus (D:6)
  9 steam dragon simulacra (IceCv)
  2 adder zombies (D:3)
  4 worms
  4 dart slugs
  32 orcs
  4 ball pythons
  14 endoplasms
  4 giant cockroaches
  5 goblins
  2 hobgoblins
  3 jackals (D:1)
  4 quokkas
  A ball python zombie (D:3)
  9 bats
  6 frilled lizards
  11 kobolds
  5 rats
358 creatures vanquished.

Vanquished Creatures (others)
  A rime drake (IceCv)
  14 demonic plants (Gauntlet)
  5 fungi
  4 plants
  2 withered plants (Gauntlet)
26 creatures vanquished.

Grand Total: 384 creatures vanquished

Notes
Turn   | Place    | Note
-------+----------+-------------------------------------------
     0 | D:1      | Decritt the Minotaur Fighter began the quest for the Orb.
     0 | D:1      | Reached XP level 1. HP: 19/19 MP: 0/0
   225 | D:1      | Reached XP level 2. HP: 27/27 MP: 1/1
   230 | D:1      | Reached skill level 3 in Axes
   748 | D:2      | Reached XP level 3. HP: 34/34 MP: 2/2
   898 | D:2      | Reached XP level 4. HP: 34/41 MP: 3/3
  1123 | D:2      | Found a faded altar of an unknown god.
  1136 | D:2      | Noticed Terence
  1151 | D:2      | Killed Terence
  1152 | D:2      | Reached skill level 4 in Axes
  1682 | D:3      | Reached skill level 5 in Fighting
  1748 | D:3      | Reached XP level 5. HP: 12/48 MP: 4/4
  1925 | D:3      | Found Woufy's Weapon Shop.
  2104 | D:3      | Found a shimmering altar of Xom.
  2263 | D:3      | Found a basalt altar of Yredelemnul.
  2404 | D:4      | Reached skill level 5 in Axes
  2516 | D:4      | Reached XP level 6. HP: 44/57 MP: 5/5
  2570 | D:4      | Reached skill level 5 in Armour
  2668 | D:4      | Noticed Dowan
  2670 | D:4      | Noticed Duvessa
  2680 | D:4      | Killed Duvessa
  2687 | D:4      | Killed Dowan
  3029 | D:4      | Reached XP level 7. HP: 64/64 MP: 6/6
  3075 | D:5      | Entered Level 5 of the Dungeon
  3085 | D:5      | Reached skill level 6 in Axes
  3316 | D:5      | Found an ancient bone altar of Kikubaaqudgha.
  3316 | D:5      | Found an ornate altar of the Wu Jian Council.
  3320 | D:5      | Found a burning altar of Makhleb.
  3406 | D:5      | Reached skill level 7 in Axes
  3432 | D:5      | Found a glowing silver altar of Zin.
  3534 | D:5      | Reached XP level 8. HP: 73/73 MP: 7/7
  3771 | D:5      | Reached skill level 5 in Shields
  4169 | D:6      | Found a sacrificial altar of Ru.
  4586 | D:7      | Found a staircase to the Ecumenical Temple.
  4598 | D:7      | Reached skill level 8 in Axes
  4604 | Temple   | Entered the Ecumenical Temple
  4721 | Temple   | Became a worshipper of the Shining One
  4797 | D:5      | Found a stormy altar of Qazlal.
  4985 | D:7      | Noticed Maggie
  5003 | D:7      | Killed Maggie
  5004 | D:7      | Reached XP level 9. HP: 75/83 MP: 8/8
  5257 | D:7      | Noticed Joseph
  5265 | D:7      | Killed Joseph
  5266 | D:7      | Reached skill level 9 in Axes
  5425 | D:7      | Noticed an unseen horror
  5460 | D:7      | Killed an unseen horror
  5461 | D:7      | Reached skill level 10 in Fighting
  5605 | D:7      | Noticed Menkaure
  5605 | D:7      | Reached * piety under the Shining One
  5610 | D:7      | Killed Menkaure
  6045 | D:8      | Reached skill level 10 in Axes
  6045 | D:8      | Reached skill level 1 in Invocations
  6716 | D:9      | Reached XP level 10. HP: 66/94 MP: 10/10
  7004 | D:9      | Noticed a two-headed ogre
  7026 | D:9      | Killed a two-headed ogre
  7264 | D:9      | Identified the +0 pair of boots "Butiuwk" {Int+2}
  7269 | D:9      | Found an opulent altar of Gozag.
  7347 | D:9      | Reached skill level 11 in Axes
  7398 | D:9      | Noticed a cyclops
  7405 | D:9      | Killed a cyclops
  7463 | D:9      | Reached ** piety under the Shining One
  7854 | D:10     | Entered Level 10 of the Dungeon
  7890 | D:10     | Noticed a death yak
  7890 | D:10     | Noticed a death yak
  7895 | D:10     | Noticed a death yak
  7933 | D:9      | Killed a death yak
  7934 | D:9      | Reached XP level 11. HP: 24/104 MP: 12/12
  8112 | D:9      | Identified a scroll of acquirement
  8112 | D:9      | Acquired a +3 plate armour of cold resistance
  8136 | D:9      | Killed a death yak
  8276 | D:9      | Killed a death yak
  8277 | D:9      | Reached skill level 10 in Armour
  8320 | D:10     | Found a staircase to the Lair.
  8800 | D:10     | Noticed a two-headed ogre
  8809 | D:10     | Killed a two-headed ogre
  8810 | D:10     | Reached skill level 12 in Axes
  9128 | D:11     | Noticed a two-headed ogre
  9151 | D:11     | Killed a two-headed ogre
  9152 | D:11     | Reached skill level 10 in Shields
  9158 | D:11     | Acquired 782 gold pieces
  9432 | D:11     | Found a frozen archway.
  9434 | D:11     | Noticed an ice dragon
  9462 | D:11     | Killed an ice dragon
  9463 | D:11     | Reached skill level 13 in Axes
  9475 | IceCv    | Entered an ice cave
  9620 | IceCv    | Reached *** piety under the Shining One
  9762 | IceCv    | Noticed an ice dragon
  9784 | IceCv    | Killed an ice dragon
  9785 | IceCv    | Reached skill level 1 in Dodging
  9785 | IceCv    | Reached XP level 12. HP: 54/113 MP: 13/13
  9969 | IceCv    | Reached **** piety under the Shining One
 10096 | IceCv    | Identified the ring "Osecath" {rN+ MP+9}
 10437 | D:12     | Noticed Fannar
 10452 | D:12     | Killed Fannar
 10516 | D:12     | Found a staircase to the Orcish Mines.
 10642 | D:12     | Noticed Urug
 10649 | D:12     | Killed Urug
 10650 | D:12     | Reached skill level 14 in Axes
 11217 | Lair:1   | Entered Level 1 of the Lair of Beasts
 11305 | Lair:1   | Found a gate leading to a gauntlet.
 11311 | Gauntlet | Entered a Gauntlet
 11311 | Gauntlet | Found a transporter.
 11311 | Gauntlet | Found a transporter.
 11311 | Gauntlet | Found a transporter.
 11343 | Gauntlet | Found a transporter.
 11344 | Gauntlet | Found a transporter.
 11353 | Gauntlet | Found a transporter.
 11357 | Gauntlet | Found a transporter.
 11366 | Gauntlet | Noticed a hell hog
 11377 | Gauntlet | Found a transporter.
 11384 | Gauntlet | Found a large runed translucent door.
 11384 | Gauntlet | Noticed a death scarab
 11385 | Gauntlet | Found a large runed translucent door.
 11385 | Gauntlet | Reached ***** piety under the Shining One
 11385 | Gauntlet | Noticed a death scarab
 11386 | Gauntlet | Found a large runed translucent door.
 11386 | Gauntlet | Found a large runed translucent door.
 11387 | Gauntlet | Found a runed translucent gate.
 11388 | Gauntlet | Found a large runed translucent door.
 11388 | Gauntlet | Found a large runed translucent door.
 11388 | Gauntlet | Found a runed translucent door.
 11389 | Gauntlet | Found a large runed translucent door.
 11390 | Gauntlet | Found a large runed translucent door.
 11399 | Gauntlet | Noticed a great orb of eyes
 11412 | Gauntlet | Found a transporter.
 11458 | Gauntlet | Found a transporter.
 11458 | Gauntlet | Found a transporter.
 11460 | Gauntlet | Found a large runed translucent door.
 11461 | Gauntlet | Found a large runed translucent door.
 11462 | Gauntlet | Found a large runed translucent door.
 11462 | Gauntlet | Found a large runed translucent door.
 11462 | Gauntlet | Found a runed translucent door.
 11463 | Gauntlet | Found a large runed translucent door.
 11464 | Gauntlet | Found a large runed translucent door.
 11465 | Gauntlet | Found a large runed translucent door.
 11465 | Gauntlet | Found a large runed translucent door.
 11466 | Gauntlet | Found a runed translucent gate.
 11466 | Gauntlet | Found a runed translucent gate.
 11468 | Gauntlet | Found a transporter.
 11833 | Gauntlet | Identified the +0 pair of gloves of the Salmon {Str+4}
 11844 | Gauntlet | Identified the ring "Mismem" {Drain rN+ Str+4 SInv}
 11857 | Gauntlet | Killed a hell hog
 11956 | Gauntlet | Identified the +6 swamp dragon scales "Momug" {rPois rN++
                  | Int-5}
 11956 | Gauntlet | Noticed a minotaur
 11963 | Gauntlet | Killed a minotaur
 11964 | Gauntlet | Reached skill level 5 in Invocations
 12437 | Lair:1   | Identified the +0 ring mail "Voaddeid" {rF- rN+ Str+2}
 12713 | Lair:2   | You fall into a shaft and drop 1 floor!
 13269 | Lair:2   | Found a hole to the Spider Nest.
 13450 | Lair:3   | Acquired a manual of Polearms
 13574 | Lair:3   | Reached XP level 13. HP: 122/122 MP: 16/16
 13629 | Lair:3   | Reached skill level 15 in Axes
 13819 | Lair:3   | HP: 6/123 [14-headed hydra (9)]
 13819 | Lair:3   | Mangled by a 14-headed hydra

Illustrated notes

Levels and vault maps discovered:
D:1:      enne_arrival_octagon_isle, layout_rooms
D:2:      layout_basic, chequers_ecumenical_altar_simple_redux,
          chequers_serial_rivers_large_a, small_statue_intersection,
          kennysheep_cross_room, minmay_vboxes, uniq_terence
D:3:      layout_rooms, tgw_xom, nicolae_yredelemnul_corpse_copse, serial_shops,
          nicolae_shop_bloodbath_and_beyond, minivault_27
D:4:      layout_gridville, uniq_duvessa
D:5:      layout_loops_corners, nicolae_overflow_hidden_temple
D:6:      layout_cave_pools, nicolae_ru_sacrificial_ziggurat,
          chequers_mini_garden
D:7:      layout_basic, minmay_temple_entry_butterflies, uniq_joseph,
          uniq_menkaure, uniq_maggie
D:8:      layout_loops_ring, bh_walls_and_bars
D:9:      cheibrodos_barr_body, layout_gridville, mainiacjoe_overflow_alcove_4
D:10:     layout_loops_cross, dpeg_lair_monsters
D:11:     layout_roguey, portal_ice_cave_entry_animals_and_master
D:12:     layout_small_grid, orc_0_dummy, uniq_urug, uniq_fannar
Temple:   dshaligram_water_room_temple
Lair:1:   layout_regular_city, gauntlet_entry_generic, grunt_megastairs_3,
          lemuel_fruit_tree
Lair:2:   layout_chaotic_city, nicolae_spider_entry_orb_guardian
Lair:3:   layout_layer_cave, palyth_hydra_swamp_entry, minivault_11

Skill      XL: |  1  2  3  4  5  6  7  8  9 10 11 12 13 |
---------------+----------------------------------------+-----
Fighting       | 4 5 6 7 9 10 11 12 13 | 13.8
Axes           | 3 4 5 7 8 10 11 13 14 15 | 15.1
Armour         | 4 5 6 8 9 11 12 | 12.1
Shields        | 4 6 7 9 10 11 | 11.6
Invocations    | 1 3 5 |  5.7
Dodging        | 1 4 |  4.7

Action                   |  1- 3 |  4- 6 |  7- 9 | 10-12 | 13-15 || total
-------------------------+-------+-------+-------+-------+-------++-------
Melee: War axe           |    74 |    72 |     4 |    86 |       ||   236
       Headbutt          |     3 |    25 |    70 |   116 |    17 ||   231
       Hand axe          |       |    77 |   285 |       |       ||   362
       Broad axe         |       |       |       |   380 |    48 ||   428
  Use: Scroll            |       |     3 |    11 |    17 |       ||    31
       Potion            |       |     1 |       |     1 |     2 ||     4
Armor: Scale mail        |    27 |       |       |       |       ||    27
       Chain mail        |    19 |    87 |    80 |       |       ||   186
       Steam dragon scal |       |       |    43 |    42 |       ||    85
       Plate armour      |       |       |       |   160 |    48 ||   208
Dodge: Dodged            |    27 |    50 |    87 |   164 |    54 ||   382
       Repelled          |       |       |       |     2 |       ||     2
Block: Buckler           |    17 |    34 |       |       |       ||    51
       Kite shield       |       |     5 |   150 |   267 |    53 ||   475

Table legend: (Time is in decaauts)
 A = Elapsed time spent in this place.
 B = Non-inter-level travel time spent in this place.
 C = Inter-level travel time spent in this place.
 D = Time resting spent in this place.
 E = Time spent auto-exploring this place.
 F = Levels seen in this place.
 G = Mean time per level.
                   A        B        C        D        E       F      G
               +--------+--------+--------+--------+--------+-----+--------+
         Total |  13937 |  13433 |    504 |   1613 |   8681 |  18 |  774.3 |
       Dungeon |  10529 |  10060 |    469 |   1098 |   6854 |  12 |  877.4 |
        Temple |    137 |    134 |      3 |      0 |     99 |   1 |  137.0 |
          Lair |   1856 |   1824 |     32 |      0 |   1435 |   3 |  618.7 |
      Ice Cave |    675 |    675 |      0 |    337 |    107 |   1 |  675.0 |
      Gauntlet |    737 |    737 |      0 |    178 |    186 |   1 |  737.0 |
               +--------+--------+--------+--------+--------+-----+--------+

Top non-repeatable levels by time:
     D:9: 1671 daAuts
     D:7: 1203 daAuts
     D:5: 992 daAuts
     D:2: 975 daAuts
    D:12: 811 daAuts
    D:11: 794 daAuts
     D:4: 758 daAuts
Gauntlet: 737 daAuts
    D:10: 728 daAuts
  Lair:1: 727 daAuts
     D:1: 714 daAuts
  Lair:2: 710 daAuts
     D:3: 695 daAuts
   IceCv: 675 daAuts
     D:8: 627 daAuts
